 Dungeon Crawl Stone Soup version 0.18.1-2-ga659475 (webtiles) character file.

194 Scarto the Covered (level 5, 0/33 HPs)
             Began as a Gargoyle Fighter on May 8, 2016.
             Slain by a gnoll
             ... wielding a +0 club
              (5 damage)
             ... on level 3 of the Dungeon.
             The game lasted 00:02:50 (1279 turns).

Scarto the Covered (Gargoyle Fighter)               Turns: 1279, Time: 00:02:51

Health: 0/33       AC: 18    Str: 26    XL:     5   Next: 73%
Magic:  5/5        EV: 10    Int:  8    God:
Gold:   100        SH:  6    Dex:  9    Spells: 0 memorised, 4 levels left

rFire  . . .     SeeInvis .     a - +0 flail
rCold  . . .     Gourm    .     b - +0 scale mail
rNeg   + . .     Faith    .     h - +2 buckler {AC+3}
rPois  ∞         Spirit   .     (no helmet)
rElec  +         Dismiss  .     (no cloak)
rCorr  .         Reflect  .     (no gloves)
SustAt .         Harm     .     (no boots)
MR     .....                    (no amulet)
Stlth  ..........               (no ring)
                                m - +4 ring of protection

@: mighty, not resistant to hostile enchantments, extremely unstealthy
A: negative energy resistance 1, electricity resistance, unbreathing,
petrification resistance, rot immunity, AC +4
a: no special abilities


You were on level 3 of the Dungeon.
You were hungry.

You visited 1 branch of the dungeon, and saw 3 of its levels.

You collected 100 gold pieces.

Inventory:

Hand Weapons
 a - a +0 flail (weapon)
Armour
 b - a +0 scale mail (worn)
 c - a +0 shield
 h - a +2 buckler of protection (worn)
Jewellery
 m - a +4 ring of protection (left hand)
Scrolls
 j - a scroll of magic mapping
Potions
 d - 3 potions of might
 k - a potion of mutation {unknown}
 l - 2 potions of agility {unknown}
Comestibles
 f - a bread ration
 g - 2 meat rations


   Skills:
 + Level 3.8 Fighting
 + Level 3.0 Maces & Flails
 + Level 4.3 Armour
 + Level 2.0 Dodging
 + Level 4.2 Shields


You had 4 spell levels left.
You didn't know any spells.

Dungeon Overview and Level Annotations

Branches:
Dungeon (3/15)

Altars:

Annotations:
D:3 Grinder, Jessica


Innate Abilities, Weirdness & Mutations

You are resistant to torment.
Your stone body is resilient (AC +4).
You are immune to poison.
You resist negative energy.
You are resistant to electric shocks.
You can survive without breathing.
You are immune to petrification.
You are immune to rotting.


Message History

You are too injured to fight recklessly!
You are too injured to fight recklessly!
Jessica is no longer moving quickly.
Jessica casts a spell at you.
You barely resist. The gnoll hits you but does no damage.
Things that are here:
a halberd; a hunting sling Drink which item? (? for menu, Esc to quit)
You feel very mighty all of a sudden.
The gnoll hits you from afar with a halberd.
* * * LOW HITPOINT WARNING * * *
The gnoll barely misses you.
You closely miss the gnoll.
The gnoll is moderately wounded.
The gnoll completely misses you. The gnoll barely misses you.
You hit the gnoll.
The gnoll is almost dead.
The gnoll hits you but does no damage.
Grinder blinks!
The gnoll hits you with a club.
You die...

*,* *,* **,,,,,,,,,,,,,,
**,****,*##......,,,,,,,,,
*,,,,,,,*#........,,,,,,,,
******,,,.........,,,,,,,,
*,**..........,,,,,,,
*,*##.§.......,,,,,,,
*,*,..........,,,,,,,
*,###g#.......,,,,,,,
*,#.@.g@......,,,,,,,
*,#.#(##......,,,,,,,
*,#...<..#...,,,,,,,,
*,########,,.,,,,,,,,
*,,,,,,,,,,,,,,,,,,,,
**********,**,,,,,,,,
*,*,,,,,,,,, *,*,*******,
*,*,* *,


You could see 2 gnolls and Jessica.

Vanquished Creatures
  A giant frog (D:3)
  2 gnolls (D:3)
  5 adders (D:2)
  An ooze (D:1)
  A worm (D:2)
  2 dart slugs (D:1)
  A giant gecko (D:2)
  An orc (D:3)
  A ball python (D:1)
  4 giant cockroaches
  A goblin (D:3)
  7 hobgoblins
  9 jackals
  3 kobolds (D:1)
  7 bats
  3 giant newts (D:1)
  3 rats
52 creatures vanquished.

Notes
Turn   | Place    | Note
--------------------------------------------------------------
     0 | D:1      | Scarto the Gargoyle Fighter began the quest for the Orb.
     0 | D:1      | Reached XP level 1. HP: 14/14 MP: 1/1
   159 | D:1      | Reached XP level 2. HP: 18/19 MP: 2/2
   443 | D:1      | Reached XP level 3. HP: 18/23 MP: 3/3
   824 | D:2      | Reached skill level 1 in Dodging
   861 | D:2      | Reached XP level 4. HP: 13/28 MP: 4/4
  1247 | D:3      | Noticed Jessica
  1248 | D:3      | Noticed a giant frog
  1249 | D:3      | Noticed Grinder
  1257 | D:3      | Killed a giant frog
  1257 | D:3      | Reached XP level 5. HP: 33/33 MP: 5/5
  1279 | D:3      | Slain by a gnoll

Skill      XL: |  1  2  3  4  5 |
---------------+----------------+-----
Dodging        | 1 2 |  2.0
Armour         | 4 |  4.3
Shields        | 4 |  4.2
Maces & Flails | 3 |  3.0
Fighting       | |  3.8

Action                   |  1- 3 |  4- 6 || total
-------------------------+-------+-------++-------
Melee: Flail             |   137 |    72 ||   209
  Use: Scroll            |       |     3 ||     3
       Potion            |       |     1 ||     1
  Eat: Chunk             |       |     1 ||     1
Armor: Scale mail        |   116 |    48 ||   164
Dodge: Dodged            |    66 |    49 ||   115
Block: Shield            |    42 |       ||    42
       Buckler           |    26 |    43 ||    69
